 Dungeon Crawl Stone Soup version 0.25-a0-1119-g28b6fd0 (webtiles) character file.

Game seed: 2295695668548808471, levelgen mode: deterministic

6152 Faca the Fighter (level 10, -1/96 (97) HPs)
             Began as a White Draconian Fighter on May 18, 2020.
             Was a Priest of Okawaru.
             Slain by a white ugly thing (11 damage)
             ... on level 10 of the Dungeon.
             The game lasted 00:13:54 (10151 turns).

Faca the Fighter (White Draconian Fighter)         Turns: 10151, Time: 00:13:55

HP:   -1/96 (97)    AC:  9    Str: 25    XL:     10   Next: 59%
MP:   0/10          EV: 11    Int:  9    God:    Okawaru [***...]
Gold: 675           SH: 11    Dex: 10    Spells: 9/9 levels left

rFire    . . .     SeeInvis +   i - +10 hand axe of Ancient Evil {vorpal, Fragile Str+3 Stlth+}
rCold    + . .     Gourm    .   b - +1 kite shield
rNeg     . . .     Faith    .   (armour unavailable)
rPois    .         Spirit   +   (helmet restricted)
rElec    .         Reflect  .   y - +0 cloak
rCorr    .         Harm     .   q - +0 pair of gloves
MR       .....                  (no boots)
Stlth    ++........             h - amulet of guardian spirit
HPRegen  0.26/turn              o - ring of see invisible
MPRegen  0.12/turn              (no ring)

@: no status effects
A: breathe frost, unfitting armour, cold resistance 1, cold-blooded, AC +7
a: Breathe Frost, Heroism, Renounce Religion


You were on level 10 of the Dungeon.
You worshipped Okawaru.
Okawaru was most pleased with you.
You were not hungry.

You visited 2 branches of the dungeon, and saw 11 of its levels.

You collected 675 gold pieces.

Inventory:

Hand Weapons
 a - a +1 flail
 i - the +10 hand axe of Ancient Evil (weapon) {vorpal, Fragile Str+3 Stlth+}
   (You found it on level 5 of the Dungeon)

   It inflicts extra damage upon your enemies.
   It affects your strength (+3).
   It will be destroyed if unequipped.
   It makes you more stealthy.
Missiles
 m - 9 boomerangs (quivered)
 z - 2 throwing nets
Armour
 b - a +1 kite shield (worn)
 q - a +0 pair of gloves (worn)
 y - a +0 cloak (worn)
Jewellery
 h - an amulet of guardian spirit (around neck)
 o - a ring of see invisible (left hand)
Wands
 u - a wand of paralysis (16)
 w - a wand of disintegration (14)
 A - a wand of acid (10)
Scrolls
 e - a scroll of blinking
 l - 3 scrolls of teleportation
 n - 3 scrolls of remove curse
 s - 7 scrolls of magic mapping
 C - 2 scrolls of identify
 D - 2 scrolls of acquirement {unknown}
Potions
 c - a potion of might
 f - 4 potions of curing
 g - a potion of ambrosia
 j - a potion of cancellation {unknown}
 k - a potion of mutation
 p - 4 potions of heal wounds
 r - a potion of berserk rage
 t - a potion of invisibility
 v - a potion of lignification {unknown}
 x - a potion of stabbing {unknown}
Comestibles
 d - 20 rations
 B - 4 chunks of flesh


   Skills:
 + Level 12.2 Fighting
 + Level 11.2 Maces & Flails
 + Level 3.5 Dodging
 + Level 3.9 Shields


You had 9 spell levels left.
You didn't know any spells.
Your spell library contained the following spells:

 Spells                   Type           Power        Failure   Level  Hunger
 Corona                   Hex            #......      86%         1    ##.....
 Foxfire                  Conj/Fire      #...         86%         1    ##.....
 Magic Dart               Conj           #...         86%         1    ##.....
 Blink                    Tloc           N/A          95%         2    ###....
 Call Imp                 Summ           #.......     95%         2    ###....
 Slow                     Hex            #.......     95%         2    ###....
 Conjure Flame            Conj/Fire      #.......     99%         3    ####...
 Inner Flame              Hex/Fire       #.......     99%         3    ####...
 Mephitic Cloud           Conj/Pois/Air  #.......     99%         3    ####...
 Portal Projectile        Hex/Tloc       #.....       99%         3    ####...
 Cause Fear               Hex            #.........   100%        4    #####..
 Leda's Liquefaction      Hex/Erth       #.........   100%        4    #####..
 Sticky Flame             Conj/Fire      #.......     100%        4    #####..
 Fireball                 Conj/Fire      #.........   100%        5    ######.
 Silence                  Hex/Air        #.........   100%        5    ######.
 Yara's Violent Unravell  Hex/Tmut       #.........   100%        5    ######.
 Discord                  Hex            #.........   100%        8    #######


Dungeon Overview and Level Annotations

Branches:
Dungeon (10/15)            Temple (1/1) D:4            Lair (0/6) D:8
    Orc: D:9-12

Altars:
Ashenzari
Cheibriados
Dithmenos
Elyvilon
Fedhas
Gozag
Hepliaklqana
Kikubaaqudgha
Makhleb
Nemelex Xobeh
Okawaru
Qazlal
Ru
Sif Muna
Trog
Uskayaw
Vehumet
Wu Jian
Xom
Yredelemnul
Zin
The Shining One


Innate Abilities, Weirdness & Mutations

You can breathe waves of freezing cold.
You can buffet flying creatures when you breathe cold.
Your icy white scales are hard. (AC +7)
You cannot fit into any form of body armour.
Your flesh is cold resistant. (rC+)
You are cold-blooded and may be slowed by cold attacks.


Message History

You resist.
You slash the white ugly thing!
The white ugly thing is moderately wounded.
The white ugly thing headbutts you. The white ugly thing freezes you!
You resist.
You are too injured to fight recklessly!
You slash the white ugly thing!
The white ugly thing is heavily wounded.
The white ugly thing headbutts you! The white ugly thing freezes you!
You resist.
* * * LOW HITPOINT WARNING * * *
You block the white ugly thing's attack.
Evoke which item? (* to show all) (? for menu, Esc to quit)
Aiming: Paralyse
Press: ? - help, Shift-Dir - straight line, f - white ugly thing
Aim: a white ugly thing (heavily wounded, chance to defeat MR: 28%)
The white ugly thing easily resists.
The white ugly thing headbutts you!
* * * LOW HITPOINT WARNING * * *
The white ugly thing freezes you! You resist.
You die...

########............#
########.#.###### #.#
.........#.# #.#
.#######...# #.#
##<###### #.#
######.......# #.#
..........##.# #.#
....#....##.#####.#
###...........@u..#
###[.#.##.#####.#
#..#.##.# #.#
#.>.....# #.#
##..##### #.# #.÷#
..# .#####..# #.#
........# .#
#######†##


You could see a white ugly thing.

Vanquished Creatures
  A two-headed ogre (D:8)
  Pikel (D:4)
  A centaur skeleton (D:10)
  A hornet (D:8)
  A hippogriff (D:7)
  Sigmund (D:3)
  4 orc warriors
  A sky beast (D:6)
  2 black bears (D:10)
  A necrophage (D:7)
  An ice beast (D:6)
  A phantom (D:6)
  8 ogres
  A centaur (D:9)
  A crocodile (D:9)
  5 bullfrogs
  3 big kobolds
  2 scorpions
  3 howler monkeys
  3 crimson imps
  A bullfrog zombie (D:5)
  5 hounds
  2 quasits
  A gnoll shaman (D:6)
  3 bullfrog skeletons
  2 centaur zombies
  5 orc priests
  3 jellies
  Ijyb (D:5)
  11 orc wizards
  4 iguanas
  6 worker ants
  A hound zombie (D:6)
  2 hound skeletons
  10 gnolls
  11 adders
  An ooze (D:1)
  An adder skeleton (D:3)
  An adder zombie (D:8)
  3 worms (D:3)
  2 leopard geckos (D:1)
  43 orcs
  A ball python (D:2)
  2 bats
  5 giant cockroaches
  7 goblins
  7 hobgoblins
  11 jackals
  5 quokkas
  3 frilled lizards
  23 kobolds
  A leopard gecko skeleton (D:5)
  A quokka skeleton (D:8)
  7 rats
234 creatures vanquished.

Vanquished Creatures (others)
  A worker ant (D:4)
1 creature vanquished.

Grand Total: 235 creatures vanquished

Notes
Turn   | Place    | Note
-------+----------+-------------------------------------------
     0 | D:1      | Faca the Draconian Fighter began the quest for the Orb.
     0 | D:1      | Reached XP level 1. HP: 19/19 MP: 1/1
   139 | D:1      | Reached XP level 2. HP: 21/26 MP: 2/2
   451 | D:1      | Reached skill level 4 in Fighting
   451 | D:1      | Reached XP level 3. HP: 20/33 MP: 1/3
  1447 | D:2      | Reached XP level 4. HP: 32/41 MP: 2/4
  1806 | D:3      | Found a faded altar of an unknown god.
  2167 | D:3      | Reached skill level 5 in Fighting
  2167 | D:3      | Reached XP level 5. HP: 34/48 MP: 3/5
  2754 | D:3      | Noticed Sigmund
  2766 | D:3      | Killed Sigmund
  2766 | D:3      | Reached XP level 6. HP: 55/57 MP: 6/6
  2783 | D:3      | Found a glowing golden altar of the Shining One.
  2926 | D:4      | Reached skill level 6 in Fighting
  2926 | D:4      | Reached skill level 5 in Maces & Flails
  3441 | D:4      | Noticed a slave
  3442 | D:4      | Noticed Pikel
  3442 | D:4      | Noticed a slave
  3442 | D:4      | Noticed a slave
  3442 | D:4      | Noticed a slave
  3466 | D:4      | Killed Pikel
  3466 | D:4      | Reached skill level 7 in Fighting
  3466 | D:4      | Your scales start taking on an icy white colour.
  3466 | D:4      | Reached XP level 7. HP: 32/67 MP: 4/7
  3466 | D:4      | Gained mutation: Your flesh is cold resistant. (rC+) [White
                  | Draconian growth]
  3695 | D:4      | Found a staircase to the Ecumenical Temple.
  3780 | Temple   | Entered the Ecumenical Temple
  4003 | D:4      | Reached XP level 8. HP: 64/74 MP: 6/8
  4087 | D:4      | Found a hide-covered altar of Uskayaw.
  4100 | D:4      | Reached skill level 8 in Fighting
  4390 | D:5      | Entered Level 5 of the Dungeon
  4425 | D:5      | Got a smoking hand axe
  4426 | D:5      | Identified the +10 hand axe of Ancient Evil {vorpal,
                  | Fragile Str+3 Stlth+} (You found it on level 5 of the
                  | Dungeon)
  4881 | D:5      | Reached skill level 9 in Fighting
  5016 | D:5      | Noticed Ijyb
  5018 | D:5      | Paralysed by Ijyb for 7 turns
  5030 | D:5      | Killed Ijyb
  5275 | D:5      | Found a bloodstained altar of Trog.
  5862 | D:6      | Found a basalt altar of Yredelemnul.
  5864 | D:6      | Found a snail-covered altar of Cheibriados.
  5864 | D:6      | Found an iron altar of Okawaru.
  5865 | D:6      | Found an ancient bone altar of Kikubaaqudgha.
  5865 | D:6      | Found a shimmering altar of Xom.
  5872 | D:6      | Reached XP level 9. HP: 84/85 MP: 9/9
  5881 | D:6      | Became a worshipper of Warmaster Okawaru
  6050 | D:6      | Found a shattered altar of Ashenzari.
  6074 | D:6      | Reached skill level 10 in Fighting
  6652 | D:7      | Found an ornate altar of the Wu Jian Council.
  6851 | D:7      | Reached * piety under Okawaru
  7427 | D:7      | Reached skill level 11 in Fighting
  7770 | D:8      | Reached skill level 10 in Maces & Flails
  7853 | D:8      | Paralysed by a hornet for 1 turns
  7854 | D:8      | Noticed a two-headed ogre
  7863 | D:8      | Killed a two-headed ogre
  7863 | D:8      | Reached ** piety under Okawaru
  7863 | D:8      | Reached XP level 10. HP: 32/95 MP: 4/10
  8330 | D:8      | Found a staircase to the Lair.
  8687 | D:8      | Found an opulent altar of Gozag.
  8784 | D:9      | Reached skill level 12 in Fighting
  9202 | D:9      | Reached *** piety under Okawaru
  9210 | D:9      | Found a shimmering altar of Xom.
  9615 | D:9      | Found a shadowy altar of Dithmenos.
  9639 | D:9      | Found a hazy altar of Hepliaklqana.
  9672 | D:9      | Found a sacrificial altar of Ru.
  9701 | D:10     | Entered Level 10 of the Dungeon
 10143 | D:10     | Noticed a white ugly thing
 10151 | D:10     | Slain by a white ugly thing

Illustrated notes

Levels and vault maps discovered:
D:1:      dpeg_arrival_windows_large_door, layout_basic
D:2:      layout_basic
D:3:      layout_loops_corners, tso_altar, chequers_ecumenical_altar_island,
          uniq_sigmund
D:4:      layout_cave_pods, lemuel_doored_altar, temple_doors_e, first_ration,
          st_stairs_1, uniq_pikel
D:5:      layout_layer_cave, bloody_trog, uniq_ijyb
D:6:      layout_loops_cross, evilmike_ruin_ashenzari,
          grunt_temple_overflow_open
D:7:      layout_basic, overflow_temple_1_default, grunt_ogre_cave,
          moated_statue, grunt_decor_mini_mirrors
D:8:      layout_rooms, marbit_many_paths, lair_entry_dummy
D:9:      layout_long_grid, riverfiend_overflow_shadow_ancestor,
          kennysheep_mini_moat, basic_altar, due_unseen_surprise
D:10:     layout_loops_ring, uniq_grum
Temple:   jpeg_temple_island

Skill      XL: |  1  2  3  4  5  6  7  8  9 10 |
---------------+-------------------------------+-----
Fighting       | 4 5 7 9 11 12 | 12.2
Maces & Flails | 3 4 6 8 10 11 | 11.2
Dodging        | 3 |  3.5
Shields        | |  3.9

Action                   |  1- 3 |  4- 6 |  7- 9 | 10-12 || total
-------------------------+-------+-------+-------+-------++-------
Melee: Flail             |    75 |   137 |    42 |       ||   254
       Tailslap          |     7 |    22 |    35 |    23 ||    87
       Hand axe          |       |       |   205 |   158 ||   363
Throw: Boomerang         |       |       |     2 |       ||     2
 Abil: Breathe Frost     |       |       |     1 |       ||     1
Evoke: Wand              |       |       |       |     1 ||     1
  Use: Scroll            |     7 |     4 |     8 |     3 ||    22
       Potion            |       |     1 |       |       ||     1
 Stab: Sleeping          |       |       |     4 |     1 ||     5
  Eat: Chunk             |     2 |     6 |    14 |     8 ||    30
Armor: Skin              |    22 |    29 |    51 |    35 ||   137
Dodge: Dodged            |    26 |    50 |    95 |    70 ||   241
Block: Kite shield       |    40 |    62 |   110 |    70 ||   282

Table legend:
 A = Non-vault XP
 B = Vault XP
 C = Vault XP percentage of total XP
 D = Non-vault monster count
 E = Vault monster count
 F = Vault count percentage of total count
                 A         B        C        D         E       F
            +---------+---------+-------+---------+---------+-------
      Total |    7723 |    1066 |  12.1 |     229 |       6 |   2.6
            +---------+---------+-------+---------+---------+-------
        D:1 |      54 |       0 |   0.0 |      19 |       0 |   0.0
        D:2 |      61 |       0 |   0.0 |      17 |       0 |   0.0
        D:3 |     119 |     220 |  64.9 |      28 |       1 |   3.4
        D:4 |     468 |     687 |  59.5 |      14 |       2 |  12.5
        D:5 |     868 |      38 |   4.2 |      26 |       1 |   3.7
        D:6 |    1009 |       0 |   0.0 |      29 |       0 |   0.0
        D:7 |    1043 |     118 |  10.2 |      28 |       1 |   3.4
        D:8 |    2279 |       3 |   0.1 |      33 |       1 |   2.9
        D:9 |     496 |       0 |   0.0 |      11 |       0 |   0.0
       D:10 |    1326 |       0 |   0.0 |      24 |       0 |   0.0
            +---------+---------+-------+---------+---------+-------
